 Dungeon Crawl Stone Soup version 0.29.1-2-gbd0b4ee654 (webtiles) character file.

Game seed: 7991298058343569638

8365 mortz the Protected (level 11, -4/71 HPs)
             Began as a Gargoyle Monk on Nov 3, 2022.
             Slain by a wyvern (6 damage)
             ... on level 9 of the Dungeon.
             The game lasted 01:11:03 (12361 turns).

mortz the Protected (Gargoyle Monk)                Turns: 12361, Time: 01:11:04

Health: -4/71      AC: 25    Str: 15    XL:     11   Next: 29%
Magic:  14/14      EV:  9    Int: 11    God:
Gold:   584        SH:  0    Dex: 16    Spells: 10/10 levels left

rFire   . . .      SeeInvis .   W - +3 great sword
rCold   + . .      Faith    .   (shield currently unavailable)
rNeg    + . .      Spirit   .   p - +0 chain mail
rPois   ∞          Reflect  .   J - +0 helmet
rElec   +          Harm     .   (no cloak)
rCorr   +          Rampage  .   e - +0 pair of gloves
Will    .....                   g - +1 pair of boots
Stlth   ..........              (no amulet)
HPRegen 0.21/turn               v - ring of resist corrosion
MPRegen 0.14/turn               a - ring of protection from cold

@: no status effects
A: sickness immunity, AC +8, negative energy resistance 1, electricity
resistance, torment resistance 1, petrification resistance
a: no special abilities


You were on level 9 of the Dungeon.
You visited 2 branches of the dungeon, and saw 10 of its levels.

You collected 584 gold pieces.

Inventory:

Hand Weapons
 f - a +2 falchion of freezing
 i - a +4 short sword of venom
 q - a +0 morningstar of protection
 r - a +1 vampiric dagger
 x - a +4 battleaxe of freezing
 C - a +0 dagger of flaming
 D - a +1 dagger of venom
 F - the +7 staff of the Meek {protect, meekguard}
   (You found it on level 4 of the Dungeon)

   It grants its wielder temporary protection when it strikes (+7 to AC).
   It provides extra protection to wielders with little health.
 I - a +0 morningstar
 N - a +0 war axe
 R - a +2 flail of venom
 U - a +4 spear
 V - a +2 trident of freezing
 W - a +3 great sword (weapon)
 X - a +2 long sword
Missiles
 k - 14 poisoned darts
 n - 7 boomerangs (quivered)
Armour
 e - a +0 pair of gloves (worn)
 g - a +1 pair of boots (worn)
 p - a +0 chain mail (worn)
 s - a +1 leather armour of fire resistance
 B - a +2 leather armour of positive energy
 E - the +1 robe of Noon {rElec rPois Regen+ Int+4}
   (You found it on level 4 of the Dungeon)

   Int:       It affects your intelligence (+4).
   rElec:     It insulates you from electricity.
   rPois:     It protects you from poison.
   Regen:     It increases your rate of health regeneration.
 J - a +0 helmet (worn)
 L - +0 steam dragon scales
 O - the +10 chain mail "Fuosowk" {Drain rPois rF- Int+7}
   (You found it on level 7 of the Dungeon)

   Int:       It affects your intelligence (+7).
   rF:        It makes you vulnerable to fire.
   rPois:     It protects you from poison.
   Drain:     It drains your maximum health when unequipped.
Jewellery
 a - a ring of protection from cold (right hand)
 v - a ring of resist corrosion (left hand)
 y - a ring of ice
Wands
 w - a wand of flame (15)
 A - a wand of paralysis (11)
 P - a wand of polymorph (4)
Scrolls
 j - 2 scrolls of butterflies
 l - a scroll of blinking
 o - a scroll of identify
 t - 4 scrolls of amnesia
 G - a scroll of teleportation
 Q - a scroll of enchant weapon {unknown}
 T - 2 scrolls of brand weapon {unknown}
Potions
 b - 5 potions of curing
 c - 6 potions of ambrosia
 d - a potion of attraction
 h - 2 potions of cancellation
 m - a potion of haste
 u - 3 potions of mutation
 z - a potion of brilliance
 H - 2 potions of berserk rage
 K - 2 potions of flight
 M - 2 potions of lignification
 S - a potion of might


   Skills:
 * Level 9.2 Fighting
 * Level 7.4 Long Blades
 - Level 3.2 Staves
 + Level 4.0 Throwing
 * Level 11.3 Armour
 + Level 4.1 Dodging
 - Level 2.6 Stealth
 * Level 4.6 Invocations


You had 10 spell levels left.
You didn't know any spells.
Your spell library contained the following spells:

 Spells                   Type           Power      Damage    Failure   Level
 Slow                     Hex            0%         N/A       99%         1
 Blink                    Tloc           0%         N/A       99%         2
 Ensorcelled Hibernation  Hex/Ice        0%         N/A       99%         2
 Passwall                 Tmut/Erth      0%         N/A       99%         2
 Confusing Touch          Hex            0%         N/A       100%        3
 Dazzling Flash           Conj/Hex       0%         N/A       100%        3
 Lesser Beckoning         Tloc           0%         N/A       100%        3
 Swiftness                Air            0%         N/A       100%        3
 Vampiric Draining        Necr           0%         2d6       100%        3
 Iskenderun's Mystic Bla  Conj/Tloc      0%         2d3       100%        4
 Manifold Assault         Tloc           0%         N/A       100%        5
 Starburst                Conj/Fire      0%         6d3       100%        6


Dungeon Overview and Level Annotations

Branches:
Dungeon (9/15) Zot: 26274  Temple (1/1) D:7 Zot: 5471
   Lair: D:8-11         Orc: D:9-12

Altars:
Ashenzari
Cheibriados
Dithmenos
Elyvilon
Fedhas
Gozag
Hepliaklqana
Kikubaaqudgha
Makhleb
Nemelex Xobeh
Qazlal
Ru
Sif Muna
Trog
Uskayaw
Vehumet
Wu Jian
Xom
Yredelemnul
Zin
The Shining One


Innate Abilities, Weirdness & Mutations

You are immune to sickness and miasma.
Your stone body is resilient. (AC +8)
You are immune to poison.
You resist negative energy. (rN+)
You are resistant to electric shocks. (rElec)
You are resistant to unholy torment.
You are immune to petrification.


Message History

The centaur unwields a +0 quarterstaff.
The centaur wields a +0 shortbow.
The centaur shoots an arrow.
The arrow hits you.
The centaur shoots an arrow.
The arrow barely misses you.
You slice the centaur!!
The centaur is almost dead.
The centaur unwields a +0 shortbow.
The centaur wields a +0 quarterstaff.
The centaur barely misses you. The centaur closely misses you.
You slash the centaur!
You kill the centaur!
T - 2 scrolls labelled NIDIPN COESHROTO (gained 1)
Things that are here:
a +0 quarterstaff; a +0 shortbow A death yak comes into view.
The death yak bellows!
You hear a bellow! x2
A death yak comes into view.
The death yak bellows!
You hear a bellow!
A death yak comes into view.
A death yak comes into view. x2
You barely miss the death yak.
The death yak bellows!
The death yak gores you.
You barely miss the death yak. The death yak gores you! x2
The death yak attacks as you move away! The death yak barely misses you.
The death yak snorts and paws the ground.
The death yak attacks as you move away! The death yak attacks as you move away!
The death yak gores you!
There is a large open door here.
The death yak attacks as you move away! The death yak gores you!!
The death yak snorts and paws the ground.
The death yak attacks as you move away! The death yak attacks as you move away!
A wyvern comes into view.
The wyvern hisses angrily.
The death yak attacks as you move away! The death yak gores you.
* * * LOW HITPOINT WARNING * * *
The death yak attacks as you move away! The death yak gores you!!
* * * LOW HITPOINT WARNING * * *
The wyvern barely misses you. x2
The wyvern attacks as you move away! The wyvern bites you.
You die...

...........
...........
..######... .
#....#... ##########
#....##.. .........#
#.....'>. .......#
#.....#..
######+##....# ..
#.....#..
#.......#+#@.#
...#######..
#.........#lY#
............
#.........#Y.#
#.........
#....<....#Y.#
.#####'####
#.........#Y.#
............
###.......#.Y#
#............ .
#.......#..#
#....#####...
..######..#..# #....#
#...
.......####..#.#....#
#..#


You could see 5 death yaks and a wyvern.

Vanquished Creatures
  Gastronok (D:7)
  An ugly thing (D:7)
  4 unseen horror zombies (D:8)
  A gargoyle (D:8)
  2 hornets
  A wyvern (D:9)
  Eustachio (D:4)
  2 steam dragons (D:8)
  2 water moccasins
  2 orc warriors
  A sky beast (D:8)
  A black bear (D:5)
  3 ogres
  3 centaurs
  A phantom (D:5)
  A kobold brigand (D:8)
  5 bullfrogs
  A wyvern zombie (D:8)
  A gnoll sergeant (Temple)
  2 scorpions (D:5)
  4 necrophages
  16 wights
  12 killer bees
  3 howler monkeys
  3 centaur zombies (D:8)
  A jelly (D:7)
  5 orc priests
  5 hounds
  Ijyb (D:3)
  Jessica (D:2)
  Natasha (thrice) (D:4)
  3 iguanas
  7 orc wizards
  A howler monkey zombie (D:8)
  Robin (D:4)
  10 gnolls
  5 adders
  An ufetubus (D:6)
  4 worms
  3 dart slugs
  43 orcs
  9 ball pythons
  6 bats
  9 endoplasms
  5 giant cockroaches
  14 goblins
  5 hobgoblins
  9 jackals (D:1)
  8 quokkas
  3 frilled lizards (D:1)
  11 kobolds
  8 rats
255 creatures vanquished.

Vanquished Creatures (others)
  9 fungi (D:7)
  8 plants (D:1)
17 creatures vanquished.

Grand Total: 272 creatures vanquished

Notes
Turn   | Place    | Note
-------+----------+-------------------------------------------
     0 | D:1      | mortz the Gargoyle Monk began the quest for the Orb.
     0 | D:1      | Reached XP level 1. HP: 14/14 MP: 1/1
    57 | D:1      | Reached XP level 2. HP: 19/19 MP: 2/2
   314 | D:1      | Reached XP level 3. HP: 23/24 MP: 3/3
  1190 | D:2      | Reached XP level 4. HP: 26/29 MP: 4/4
  1270 | D:2      | Noticed Jessica
  1273 | D:2      | Killed Jessica
  2140 | D:3      | Reached skill level 1 in Armour
  2215 | D:3      | Reached XP level 5. HP: 33/33 MP: 5/5
  2984 | D:3      | Noticed Ijyb
  2989 | D:3      | Paralysed by Ijyb for 2 turns
  2993 | D:3      | Paralysed by Ijyb for 3 turns
  3000 | D:3      | Killed Ijyb
  3162 | D:4      | Noticed Eustachio
  3271 | D:4      | Reached skill level 2 in Armour
  3271 | D:4      | Reached XP level 6. HP: 34/38 MP: 6/6
  3511 | D:4      | Noticed Natasha
  3533 | D:4      | Killed Natasha
  3861 | D:4      | Killed Eustachio
  3862 | D:4      | Reached skill level 1 in Throwing
  3862 | D:4      | Reached skill level 3 in Armour
  3862 | D:4      | Reached XP level 7. HP: 26/44 MP: 7/7
  4012 | D:4      | Noticed Natasha
  4019 | D:4      | Killed Natasha
  4284 | D:4      | Reached skill level 4 in Armour
  4452 | D:4      | Noticed Robin
  4466 | D:4      | Killed Robin
  4501 | D:4      | Identified the +1 robe of Noon {rElec rPois Regen+ Int+4}
  4526 | D:4      | Noticed Natasha
  4552 | D:4      | Reached skill level 5 in Fighting
  4552 | D:4      | Reached skill level 5 in Long Blades
  4556 | D:4      | Reached skill level 5 in Armour
  4556 | D:4      | Reached XP level 8. HP: 34/49 MP: 8/8
  4563 | D:4      | Killed Natasha
  4661 | D:4      | Found a shimmering altar of Xom.
  4777 | D:4      | Found the +7 staff of the Meek {protect, meekguard}
  4921 | D:5      | Entered Level 5 of the Dungeon
  5267 | D:5      | Reached skill level 1 in Staves
  5366 | D:5      | Found a radiant altar of Vehumet.
  5431 | D:5      | Reached skill level 6 in Armour
  5593 | D:5      | Reached XP level 9. HP: 52/55 MP: 9/9
  6314 | D:6      | Reached skill level 1 in Invocations
  6552 | D:6      | Found a hide-covered altar of Uskayaw.
  7147 | D:6      | Reached skill level 7 in Armour
  7923 | D:7      | Found a staircase to the Ecumenical Temple.
  7932 | Temple   | Entered the Ecumenical Temple
  8098 | D:7      | Reached skill level 8 in Armour
  8898 | D:7      | Identified the +10 chain mail "Fuosowk" {Drain rPois rF-
                  | Int+7}
  8986 | D:7      | Found a burning altar of Makhleb.
  9244 | D:8      | Noticed a brown ugly thing
  9256 | D:7      | Killed a brown ugly thing
  9257 | D:7      | Reached skill level 9 in Armour
  9257 | D:7      | Reached XP level 10. HP: 61/63 MP: 10/12
  9338 | D:8      | Noticed Gastronok
  9412 | D:7      | Killed Gastronok
  9737 | D:8      | Found an ornate altar of the Wu Jian Council.
  9737 | D:8      | Noticed a gargoyle
  9750 | D:8      | Killed a gargoyle
 10049 | D:8      | Noticed a death knight
 10302 | D:8      | Found a basalt altar of Yredelemnul.
 10315 | D:8      | Reached skill level 10 in Armour
 10492 | D:8      | Reached XP level 11. HP: 68/69 MP: 14/14
 10572 | D:8      | Found a large runed translucent door.
 10573 | D:8      | Found a large runed translucent door.
 10609 | D:8      | Found a bloodstained altar of Trog.
 11532 | D:8      | Found a glowing golden altar of the Shining One.
 11535 | D:8      | Found a hazy altar of Hepliaklqana.
 11695 | D:8      | Reached skill level 11 in Armour
 12331 | D:9      | Noticed a death yak
 12332 | D:9      | Noticed a death yak
 12333 | D:9      | Noticed a death yak
 12334 | D:9      | Noticed a death yak
 12334 | D:9      | Noticed a death yak
 12358 | D:9      | HP: 2/71 [death yak (20)]
 12361 | D:9      | Slain by a wyvern

Illustrated notes

Levels and vault maps discovered:
D:1:      dpeg_arrival_shrine, layout_basic, serial_bayou_pond_c
D:2:      layout_basic, uniq_jessica
D:3:      layout_basic, uniq_ijyb
D:4:      layout_basic, brannock_xom_greatest_gift, pf_guarded_unrand_meek,
          uniq_natasha, uniq_eustachio, uniq_robin
D:5:      layout_basic, kennysheep_little_box, kennysheep_generic_room_11
D:6:      layout_layer_cave, amcnicky_altar_gilded, serial_rivers,
          chequers_serial_rivers_micro_a, chequers_serial_rivers_marsh,
          chequers_serial_rivers_micro_c, chequers_serial_rivers_small_3,
          chequers_serial_rivers_room_b, minmay_liquid_box
D:7:      layout_rooms, lightli_temple_of_fire, minmay_temple_entry_mini_moons,
          grunt_ministairs_14, dreamdust_gnoll_farm
D:8:      layout_layer_cave, nicolae_yredelemnul_corpse_copse,
          jmf_multi_god_temple2, hangedman_feature_mirror,
          kennysheep_generic_room_12, uniq_gastronok
D:9:      layout_irregular_city, okawaru_gym_becter, dpeg_lair_monsters,
          hellmonk_scale_shop
Temple:   nicolae_temple_superstar

Skill      XL: |  1  2  3  4  5  6  7  8  9 10 11 |
---------------+----------------------------------+-----
Long Blades    | 3 4 5 6 7 |  7.4
Dodging        | 3 4 |  4.1
Armour         | 1 2 3 5 6 9 10 11 | 11.3
Fighting       | 4 5 7 8 9 |  9.2
Throwing       | 1 2 3 4 |  4.0
Staves         | 2 3 |  3.2
Invocations    | 2 4 |  4.6
Stealth        | |  2.6

Action                   |  1- 3 |  4- 6 |  7- 9 | 10-12 || total
-------------------------+-------+-------+-------+-------++-------
Melee: Falchion          |    76 |       |       |       ||    76
       Short sword       |    39 |   177 |   131 |       ||   347
       Punch             |       |     1 |     4 |       ||     5
       Quarterstaff      |       |       |   262 |   233 ||   495
       Great sword       |       |       |       |    33 ||    33
Throw: Stone             |     4 |    11 |       |       ||    15
       Boomerang         |       |    10 |    24 |     9 ||    43
       Dart              |       |       |       |     9 ||     9
  Use: Scroll            |     3 |     9 |     8 |     3 ||    23
       Potion            |       |       |       |     1 ||     1
 Stab: Sleeping          |     1 |     2 |       |       ||     3
Armor: Robe              |    10 |       |       |       ||    10
       Ring mail         |    31 |    10 |       |       ||    41
       Chain mail        |       |    75 |   302 |   308 ||   685
Dodge: Dodged            |    76 |    55 |   165 |   177 ||   473
